Map: Paladino Terminal LE

Players

Fropez - Winner!

  • Race: Protoss Protoss
  • League: Platinum
  • Spawn Location: 9:00

GTRgodzilla

  • Race: Protoss Protoss
  • League: Gold
  • Spawn Location: 5:00

VOD

Have the link to the VOD?

Description

Time

  • Played on: Jan. 26, 2017, 8:16 p.m.
  • Length: 15:11
Show
View Real Time Build Order
Export as new Build Order

Fropez Protoss - Winner!

Build Orders: 1 Gate Expand 

Get SALT Encoding   

  12  0:01  Probe (Chrono Boost)  
  13  0:11  Probe (Chrono Boost)  
  14  0:22  Probe (Chrono Boost)  
  14  0:23  Pylon  
  15  0:41  Probe (Chrono Boost)  
  16  0:44  Gateway  
  16  0:49  Assimilator  
  16  0:51  Probe (Chrono Boost)  
  17  1:02  Probe (Chrono Boost)  
  18  1:20  Probe (Chrono Boost)  
  18  1:21  Pylon  
  19  1:43  Nexus  
  19  1:48  Probe (Chrono Boost)  
  19  1:49  Cybernetics Core, Assimilator  
  19  1:58  Probe (Chrono Boost)  
  20  2:17  Pylon, Warp Gate  
  20  2:18  Probe (Chrono Boost)  
  20  2:22  Adept  
  23  2:37  Gateway  
  25  2:52  Mothership Core (Chrono Boost)  
  25  2:53  Adept  
  25  2:56  Probe (Chrono Boost)  
  28  3:08  Probe (Chrono Boost)  
  29  3:16  Gateway  
  29  3:17  Gateway  
  29  3:18  Probe (Chrono Boost)  
  30  3:35  Adept  
  30  3:38  Adept  
  34  3:46  Pylon  
  34  3:48  Pylon  
  32  3:59  Probe (Chrono Boost)  
  34  4:10  Probe (Chrono Boost)  
  34  4:12  Pylon  
  32  4:29  Stalker  
  32  4:30  Stalker x3  
  36  4:52  Stalker  
  38  4:53  Stalker x3  
  42  5:23  Zealot x4  
  42  5:28  Cybernetics Core  
  48  5:36  Assimilator  
  48  5:40  Assimilator  
  48  5:41  Pylon  
  48  5:45  Probe (Chrono Boost)  
  48  5:47  Pylon, Probe (Chrono Boost)  
  50  5:58  Probe (Chrono Boost)  
  50  6:00  Probe (Chrono Boost)  
  52  6:06  Twilight Council  
  52  6:09  Probe (Chrono Boost)  
  53  6:14  Stalker x3  
  53  6:15  Pylon  
  59  6:20  Probe x2 (Chrono Boost)  
  61  6:27  Stalker  
  65  6:34  Mothership Core (Chrono Boost)  
  61  7:01  Stalker x2  
  61  7:02  Stalker x2  
  69  7:08  Pylon  
  69  7:14  Resonating Glaives  
  69  7:17  Dark Shrine  
  69  7:19  Probe (Chrono Boost)  
  69  7:21  Probe (Chrono Boost)  
  72  7:30  Probe (Chrono Boost)  
  72  7:33  Probe (Chrono Boost)  
  73  7:45  Probe (Chrono Boost)  
  73  7:47  Probe (Chrono Boost)  
  73  7:51  Adept x3  
  81  7:52  Adept  
  81  7:58  Probe (Chrono Boost)  
  85  8:00  Probe (Chrono Boost)  
  85  8:06  Gateway  
  85  8:11  Probe (Chrono Boost), Robotics Facility  
  86  8:34  Adept x4  
  90  8:57  Nexus, Probe x2 (Chrono Boost)  
  90  8:59  Pylon  
  90  9:00  Dark Templar  
  90  9:01  Dark Templar  
  94  9:12  Forge  
  94  9:13  Forge  
  94  9:14  Observer  
  95  9:25  Pylon  
  95  9:35  Warp Prism  
  95  9:38  Protoss Ground Weapons Level 1, Protoss Ground Armor Level 1  
  95  9:40  Pylon  
  96  9:51  Dark Templar x4  
  104  10:32  Dark Templar x3  
  104  10:33  Dark Templar x2  
  114  10:51  Gateway  
  114  10:53  Gateway  
  112  11:05  Dark Templar x2  
  112  11:06  Dark Templar  
  118  11:19  Protoss Ground Weapons Level 2  
  118  11:20  Protoss Ground Armor Level 2  
  118  11:35  Probe (Chrono Boost)  
  118  11:37  Probe x2 (Chrono Boost)  
  117  11:47  Stalker x4  
  125  11:54  Pylon  
  125  11:58  Pylon  
  121  12:13  Archon x2  
  121  12:20  Adept x5  
  121  12:21  Adept x2  
  119  12:39  Probe (Chrono Boost), Blink  
  119  12:40  Probe x2 (Chrono Boost)  
  116  12:45  Assimilator  
  116  12:47  Assimilator  
  107  12:52  Probe (Chrono Boost)  
  107  12:54  Pylon  
  107  12:55  Pylon  
  107  13:01  Adept x4  
  107  13:02  Adept x3  
  99  13:48  Stalker x2  
  99  13:49  Stalker x5  
  113  14:00  Gateway  
  105  14:13  Adept x4  
  105  14:14  Adept x2  
  117  14:28  Dark Templar  
  117  14:30  Observer  
  111  14:59  Zealot x2  
  103  15:00  Zealot x5  
Show
View Real Time Build Order
Export as new Build Order

GTRgodzilla Protoss 

Build Orders:  

Get SALT Encoding   

  12  0:03  Probe (Chrono Boost)  
  13  0:14  Probe (Chrono Boost)  
  14  0:20  Pylon  
  14  0:26  Probe (Chrono Boost)  
  15  0:38  Probe (Chrono Boost)  
  15  0:41  Gateway  
  16  0:48  Probe (Chrono Boost)  
  17  0:59  Probe (Chrono Boost)  
  17  1:00  Assimilator  
  18  1:10  Probe (Chrono Boost)  
  19  1:20  Probe (Chrono Boost)  
  20  1:35  Cybernetics Core  
  20  1:36  Pylon  
  20  1:39  Probe (Chrono Boost)  
  21  1:42  Assimilator  
  21  1:50  Probe (Chrono Boost)  
  22  2:00  Probe (Chrono Boost)  
  23  2:03  Gateway  
  23  2:06  Warp Gate  
  25  2:23  Stalker  
  25  2:26  Mothership Core (Chrono Boost)  
  27  2:34  Pylon  
  27  2:42  Nexus  
  27  2:50  Stalker  
  29  3:00  Pylon  
  29  3:08  Stalker  
  29  3:12  Probe (Chrono Boost)  
  32  3:22  Stalker  
  32  3:24  Probe (Chrono Boost)  
  33  4:00  Probe (Chrono Boost)  
  33  4:02  Probe (Chrono Boost)  
  35  4:19  Stalker x2  
  39  4:32  Probe (Chrono Boost)  
  39  4:34  Probe (Chrono Boost)  
  41  4:43  Probe (Chrono Boost)  
  41  4:46  Probe (Chrono Boost)  
  40  4:53  Probe (Chrono Boost), Stalker x2  
  40  4:58  Probe (Chrono Boost)  
  44  5:10  Probe (Chrono Boost)  
  41  5:27  Gateway  
  33  5:30  Gateway x2  
  33  5:31  Gateway  
  33  5:33  Gateway, Stalker x2  
  37  5:42  Mothership Core (Chrono Boost)  
  37  5:47  Pylon  
  37  5:49  Pylon  
  37  5:50  Pylon  
  37  5:51  Probe (Chrono Boost)  
  38  5:58  Stalker x2  
  38  6:02  Probe x2 (Chrono Boost)  
  44  6:22  Stalker x2  
  44  6:23  Stalker  
  50  6:29  Gateway  
  50  6:37  Probe (Chrono Boost)  
  50  6:38  Probe (Chrono Boost)  
  50  6:39  Assimilator  
  52  6:42  Assimilator  
  52  6:43  Stalker  
  52  6:45  Pylon, Stalker  
  56  6:48  Pylon, Probe (Chrono Boost)  
  56  6:50  Pylon  
  56  6:51  Probe (Chrono Boost)  
  56  7:04  Stalker x4  
  56  7:07  Stalker  
  66  7:30  Zealot x2  
  66  7:31  Zealot  
  72  7:38  Nexus  
  72  7:39  Sentry x2  
  72  7:41  Zealot x2  
  80  7:51  Zealot  
  80  7:52  Zealot x2  
  86  7:59  Probe (Chrono Boost)  
  86  8:01  Probe (Chrono Boost)  
  88  8:07  Pylon  
  88  8:10  Pylon, Probe (Chrono Boost)  
  90  8:13  Probe (Chrono Boost)  
  90  8:20  Probe (Chrono Boost)  
  90  8:25  Probe (Chrono Boost)  
  91  8:31  Probe (Chrono Boost)  
  90  8:34  Stalker x2  
  90  8:35  Stalker x2  
  98  8:54  Twilight Council  
  98  8:55  Probe x2 (Chrono Boost)  
  101  8:56  Probe (Chrono Boost)  
  101  9:05  Probe (Chrono Boost)  
  101  9:08  Probe (Chrono Boost)  
  103  9:29  Gateway  
  103  9:31  Gateway  
  103  9:32  Stalker x3  
  103  9:34  Assimilator  
  109  9:39  Assimilator  
  109  9:43  Pylon  
  109  10:02  Probe x2 (Chrono Boost)  
  109  10:04  Probe (Chrono Boost)  
  112  10:13  Probe x2 (Chrono Boost), Stalker x4  
  112  10:14  Stalker  
  122  10:16  Probe (Chrono Boost)  
  111  10:29  Robotics Facility  
  102  11:17  Observer  
  98  11:22  Stalker  
  98  11:23  Stalker x5  
  98  11:24  Stalker x4  
  106  12:49  Nexus  
  106  13:03  Nexus  
  106  13:04  Pylon  
  106  13:07  Pylon  
  93  13:52  Nexus  
  89  14:15  Nexus  
  89  14:32  Pylon  
  89  14:34  Pylon  
  89  14:37  Pylon  
Tags
 
Matchup
PvP
Replay Pack
All Mines
Spawn Locations
Cross Positions
Add a new tag
Caveats
  • Supply blocks, unpowered buildings, or Contaminate may cause inaccurate times.
  • Supply counts are checked every 10 seconds.